cohdb
Replays
Latest Replays
All Replays
Popular Replays
Top Player Replays
Match Explorer
How It Works
Community
CoH3 Stats
Reddit
Sign in to upload your games and track your stats! →
Sign in with Steam
Match 46875684
Unlisted
Match 46875684
Overview
Messages
Build Orders
End
Vickers Machine Gun Team
Construct Section Command Post
Infantry Section
Dingo Light Scout Car
Infantry Section
Infantry Section
Construct Platoon Command Post
Grenade Package
Royal Engineer Section
Selects Heavy Armor Battlegroup
Selects Rigorous Vehicle Training
Selects Light Vehicle Withdraw and Refit
Selects UNKNOWN (202330)
6-pounder Anti-tank Gun Team
ML 3-inch Mortar Team
Construct Company Command Post
6-pounder Anti-tank Gun Team
Selects Forward Repair Assembly
Crusader AA Medium Tank
Infantry Section
Foot Guards Section
Olg
rocketpossum
Raiden
Major, Hou, Yu-Ih
0
0
Comments
sign in to comment!
No comments posted yet!